[Event "Titled Tuesday Blitz April 18 Early 2023"]
[White "Ciorgovean, Iustin"]
[Black "Karthik Sai Ch"]
[WhiteFideId "1242911"]
[BlackFideId "46649484"]
[WhiteElo "2186"]
[BlackElo "2003"]
[Result "0-1"]
[Round "08"]
[TimeControl "180+2"]
[Date "2023.04.18"]
[WhiteClock "0:00:06"]
[BlackClock "0:00:24"]

1. d4 d5 2. Nf3 Nf6 3. Bf4 c5 4. e3 Nc6 5. Nbd2 Qb6 6. dxc5 Qxc5 7. Be2 Bf5 8. c4 e6 9. O-O Be7 10. a3 a5 11. b4 axb4 12. axb4 Rxa1 13. Qxa1 Qa7 14. b5 Qxa1 15. Rxa1 Nd8 16. Nd4 Bg6 17. Be5 Bb4 18. N2b3 Ke7 19. c5 Ne4 20. Rc1 f6 21. Bc7 e5 22. Nf3 Ne6 23. Ba5 Bxa5 24. Nxa5 N4xc5 25. Nh4 Ra8 26. Ra1 Kf7 27. Nxg6 hxg6 28. b6 Nd8 29. Bf3 Ke6 30. h3 Nc6 31. Bxd5+ Kxd5 32. Rd1+ Ke6 33. Nxc6 bxc6 34. Rc1 Kd6 35. Rd1+ Ke6 36. Rc1 Kd5 37. Rd1+ Kc4 38. Rc1+ Kb5 39. b7 Nxb7 40. Rb1+ Ka6 41. Ra1+ Na5 0-1


[Site "https://www.chess.com"]

[Event "Titled Tuesday Blitz April 18 Early 2023"]
[White "Namitbir Singh Walia"]
[Black "Pourkashiyan, Atousa"]
[WhiteFideId "35071068"]
[BlackFideId "12502014"]
[WhiteElo "2239"]
[BlackElo "2228"]
[Result "1-0"]
[Round "08"]
[TimeControl "180+2"]
[Date "2023.04.18"]
[WhiteClock "0:00:10"]
[BlackClock "0:00:02"]

1. e4 c5 2. Nf3 e6 3. d4 cxd4 4. Nxd4 a6 5. c4 Nf6 6. Nc3 Qc7 7. a3 b6 8. Be3 Bb7 9. f3 d6 10. Be2 Nbd7 11. O-O Be7 12. Rc1 O-O 13. Qd2 Rfc8 14. Rfd1 Qd8 15. b4 Ne5 16. Na4 Rab8 17. Nb3 Nfd7 18. f4 Ng6 19. Bf3 Nh4 20. Qf2 Nxf3+ 21. gxf3 b5 22. Nb2 bxc4 23. Nxc4 d5 24. Nb6 Rxc1 25. Rxc1 dxe4 26. Rd1 Bc6 27. Na5 Bb5 28. Nxd7 Bxd7 29. Nc6 Qe8 30. Nxb8 Ba4 31. Rc1 Qxb8 32. fxe4 h6 33. Bd4 Qb7 34. Qg2 Bf8 35. Bc5 Bc6 36. Bxf8 Kxf8 37. Rc4 Bb5 38. Qd2 Kg8 39. Rd4 Kh7 40. Qc2 Qb6 41. Qc5 Qb7 42. Kf2 h5 43. Qxh5+ Kg8 44. Qc5 g6 45. Ke3 1-0


[Site "https://www.chess.com"]

[Event "Titled Tuesday Blitz April 18 Early 2023"]
[White "Itkis, Boris"]
[Black "Ramirez Vido, Robert Yorisan"]
[WhiteFideId "1209167"]
[BlackFideId "3513823"]
[WhiteElo "2216"]
[BlackElo "2433"]
[Result "1-0"]
[Round "08"]
[TimeControl "180+2"]
[Date "2023.04.18"]
[WhiteClock "0:00:04"]
[BlackClock "0:00:05"]

1. c4 Nf6 2. Nf3 g6 3. b4 Bg7 4. Bb2 O-O 5. g3 d6 6. Bg2 e5 7. d3 c6 8. O-O Re8 9. Nc3 Nbd7 10. b5 d5 11. Nd2 Nc5 12. Nb3 Ne6 13. a4 e4 14. Rb1 e3 15. h3 exf2+ 16. Rxf2 Ng5 17. Kh2 Bxh3 18. Bxh3 Nxh3 19. Kxh3 Qd7+ 20. Kg2 Ng4 21. Rf3 Ne3+ 22. Rxe3 Rxe3 23. Bc1 Re7 24. Bd2 Rae8 25. Nc1 Qg4 26. Qf1 dxc4 27. Qf3 Qd7 28. bxc6 bxc6 29. a5 cxd3 30. Qxd3 Qg4 31. Qf3 Qd4 32. Nd3 Qc4 33. Rc1 Bxc3 34. Rxc3 Rxe2+ 35. Nf2 Qe6 36. Bh6 Re1 37. Rxc6 Qa2 38. Rc7 R1e2 39. Qf6 Rxf2+ 40. Qxf2 f5 41. Qxa2+ 1-0


[Site "https://www.chess.com"]

[Event "Titled Tuesday Blitz April 18 Early 2023"]
[White "Kopczynski, Michal"]
[Black "Theytookourjobs"]
[WhiteFideId "1124200"]
[WhiteElo "2212"]
[BlackElo "2317"]
[Result "1-0"]
[Round "08"]
[TimeControl "180+2"]
[Date "2023.04.18"]
[WhiteClock "0:01:56"]
[BlackClock "0:01:26"]

1. e4 e6 2. d4 d5 3. Nc3 Nf6 4. e5 Nfd7 5. f4 c5 6. dxc5 Nc6 7. Nf3 Bxc5 8. Bd3 a6 9. Qe2 b5 10. Bd2 Nb6 11. O-O-O b4 12. Nb1 a5 13. f5 Qc7 14. fxe6 Bxe6 15. Ng5 Qxe5 16. Nxe6 Qxe2 17. Nxg7+ Kf8 18. Bxe2 Kxg7 19. Bf4 Rhe8 20. Bb5 Re6 21. Rhe1 Nd4 22. Rxe6 fxe6 23. Be5+ 1-0


[Site "https://www.chess.com"]

[Event "Titled Tuesday Blitz April 18 Early 2023"]
[White "Tyagi, Kushan"]
[Black "littlepillow2010"]
[WhiteFideId "2040069"]
[WhiteElo "2286"]
[BlackElo "2410"]
[Result "1-0"]
[Round "08"]
[TimeControl "180+2"]
[Date "2023.04.18"]
[WhiteClock "0:00:10"]
[BlackClock "0:00:02"]

1. d4 d5 2. c4 c6 3. Nf3 Nf6 4. Qb3 dxc4 5. Qxc4 b5 6. Qc2 Bb7 7. e4 Nbd7 8. Nbd2 e6 9. Nb3 Qb6 10. Be3 Bb4+ 11. Nfd2 a5 12. a3 Bxd2+ 13. Nxd2 O-O 14. Bd3 g6 15. O-O Rac8 16. b4 a4 17. e5 Nd5 18. Ne4 Ba8 19. h4 Qd8 20. Bg5 Qb6 21. Qb2 Kg7 22. h5 h6 23. Be3 f5 24. exf6+ N7xf6 25. hxg6 Ng4 26. Nc5 Rce8 27. Qe2 Ngxe3 28. fxe3 Qc7 29. Qg4 Rf6 30. Rxf6 Nxf6 31. Nxe6+ Rxe6 32. Qxe6 c5 33. bxc5 Bd5 34. Qe5 Qb7 35. Rf1 Qc6 36. Rxf6 Qxf6 37. Qxd5 Qe7 38. Qf7+ Qxf7 39. gxf7 Kxf7 40. Bxb5 1-0


[Site "https://www.chess.com"]

[Event "Titled Tuesday Blitz April 18 Early 2023"]
[White "Jaivardhan Raj"]
[Black "Liu, Casper"]
[WhiteFideId "25744437"]
[BlackFideId "1454153"]
[WhiteElo "1772"]
[BlackElo "2221"]
[Result "1-0"]
[Round "08"]
[TimeControl "180+2"]
[Date "2023.04.18"]
[WhiteClock "0:00:15"]
[BlackClock "0:00:01"]

1. e4 c5 2. Nf3 Nf6 3. e5 Nd5 4. d4 cxd4 5. Nxd4 Nc6 6. Nxc6 dxc6 7. c4 Nc7 8. Qxd8+ Kxd8 9. Nc3 Bf5 10. Bg5 Ne6 11. O-O-O+ Kc7 12. Be3 g5 13. Be2 Bg7 14. g4 Bg6 15. h4 h6 16. hxg5 hxg5 17. Rxh8 Rxh8 18. Bd3 Bxd3 19. Rxd3 Bxe5 20. Ne4 f6 21. Bxa7 Ra8 22. Ra3 Rh8 23. Be3 Rh4 24. f3 Rh2 25. Bd2 Nd4 26. Rd3 Rh3 27. Nc5 b6 28. Rxd4 bxc5 29. Ba5+ Kb7 30. Rd3 Rh2 31. Bd2 Bd4 32. b4 Rf2 33. bxc5 Bxc5 34. Kc2 e6 35. Kb3 Kb6 36. a4 f5 37. Rd7 fxg4 38. a5+ Ka6 39. fxg4 e5 40. Bc3 1-0


[Site "https://www.chess.com"]

[Event "Titled Tuesday Blitz April 18 Early 2023"]
[White "Mazurkiewicz, Michal"]
[Black "Torres Dominguez, David"]
[WhiteFideId "1124943"]
[BlackFideId "2220857"]
[WhiteElo "2054"]
[BlackElo "1999"]
[Result "1-0"]
[Round "08"]
[TimeControl "180+2"]
[Date "2023.04.18"]
[WhiteClock "0:00:16"]
[BlackClock "0:00:01"]

1. e4 Nc6 2. Nf3 e5 3. Bb5 Nge7 4. O-O g6 5. c3 Bg7 6. d4 O-O 7. dxe5 Nxe5 8. Nxe5 Bxe5 9. f4 Bg7 10. Nd2 d5 11. e5 c6 12. Be2 Nf5 13. Nf3 Qb6+ 14. Kh1 Ne3 15. Bxe3 Qxe3 16. Qd3 Qb6 17. Nd4 c5 18. Nf3 Bf5 19. Qd2 h6 20. Qxd5 Qxb2 21. Qd2 Qa3 22. Qe3 Rfd8 23. Nd2 b6 24. Nc4 Qa4 25. Nd6 Rxd6 26. exd6 Re8 27. Qd2 Qa5 28. Rac1 Bd7 29. Bc4 Qa4 30. Bb3 Qc6 31. Rce1 Rf8 32. Re7 Qc8 33. Qd3 Kh7 34. Bxf7 Bf5 35. Qd5 Qd8 36. Rfe1 Bxc3 37. Re8 Qf6 38. Rxf8 Bxe1 39. Bg8+ Kh8 40. Rxf6 1-0


[Site "https://www.chess.com"]

[Event "Titled Tuesday Blitz April 18 Early 2023"]
[White "djokovic74"]
[Black "lluiss"]
[WhiteElo "2545"]
[BlackElo "2278"]
[Result "1-0"]
[Round "08"]
[TimeControl "180+2"]
[Date "2023.04.18"]
[WhiteClock "0:02:28"]
[BlackClock "0:01:33"]

1. e4 c5 2. Nf3 d6 3. d4 cxd4 4. Nxd4 Nf6 5. Nc3 g6 6. Be3 Bg7 7. Be2 O-O 8. O-O Nc6 9. Nb3 Be6 10. f4 Qc8 11. Qd2 Rd8 12. Rae1 d5 13. e5 Ne4 14. Nxe4 dxe4 15. Qc1 Nb4 16. Nd4 Nxa2 17. Qb1 Nb4 18. c3 Nd5 19. Qxe4 Nxe3 20. Qxe3 Bd5 21. Bf3 Bxf3 22. Qxf3 e6 23. Ra1 Rd5 24. Ra3 a6 25. f5 gxf5 26. Nxf5 Bxe5 27. Ne7+ 1-0


[Site "https://www.chess.com"]

[Event "Titled Tuesday Blitz April 18 Early 2023"]
[White "Birkisson, Bardur Orn"]
[Black "Coelho, Ramyres Santana"]
[WhiteFideId "2310597"]
[BlackFideId "2120690"]
[WhiteElo "2062"]
[BlackElo "1888"]
[Result "0-1"]
[Round "08"]
[TimeControl "180+2"]
[Date "2023.04.18"]
[WhiteClock "0:00:28"]
[BlackClock "0:01:19"]

1. c4 Nf6 2. Nc3 e5 3. Nf3 d6 4. e3 g6 5. d4 Nc6 6. Be2 exd4 7. Nxd4 Bg7 8. Nxc6 bxc6 9. O-O O-O 10. Qd2 Re8 11. Bf3 Bd7 12. b3 Ne4 13. Bxe4 Bxc3 14. Qxc3 Rxe4 15. Bb2 f6 16. Rad1 Re6 17. Rd2 Qe7 18. Rfd1 Kf7 19. Qd4 c5 20. Qh4 Kg8 21. Bc3 Bc6 22. a3 a5 23. Qg3 Kg7 24. h4 h5 25. Rd3 Re4 26. Bd2 Rg4 27. Qh3 Rxg2+ 28. Qxg2 Bxg2 29. Kxg2 Qe4+ 30. f3 Qxd3 31. Kf2 Qc2 32. Ke2 Qxb3 33. Rc1 Qxa3 34. Rc3 Qb4 35. Rd3 Qxc4 36. e4 a4 37. Ke3 Qxd3+ 38. Kxd3 a3 39. Bc3 a2 40. Ba1 Rb8 41. Kc2 Rb1 0-1


[Site "https://www.chess.com"]

[Event "Titled Tuesday Blitz April 18 Early 2023"]
[White "Nugumanov, Bakhtiyar"]
[Black "Kubatko, Ivan"]
[WhiteFideId "13701797"]
[BlackFideId "24111473"]
[WhiteElo "2209"]
[BlackElo "2285"]
[Result "0-1"]
[Round "08"]
[TimeControl "180+2"]
[Date "2023.04.18"]
[WhiteClock "0:00:01"]
[BlackClock "0:00:04"]

1. Nf3 d5 2. g3 Nf6 3. Bg2 Bf5 4. c4 c6 5. O-O e6 6. cxd5 exd5 7. d3 Be7 8. Nc3 O-O 9. Qb3 Qb6 10. Qc2 h6 11. e4 dxe4 12. dxe4 Bh7 13. Be3 Qa5 14. a3 Nbd7 15. b4 Qh5 16. h3 Rfe8 17. g4 Nxg4 18. hxg4 Qxg4 19. Nh2 Qh4 20. Rad1 Nf6 21. Qe2 Nxe4 22. Nxe4 Bxe4 23. Rd4 Bxg2 24. Kxg2 Qf6 25. Qg4 Bf8 26. Rf4 Qe6 27. Qg3 Bd6 28. Nf3 Bxf4 29. Bxf4 Qg6 30. Qxg6 fxg6 31. Rd1 g5 32. Be3 Rad8 33. Rxd8 Rxd8 34. Bxa7 Ra8 35. Bc5 Rxa3 36. Ne5 Rb3 37. Nc4 Kh7 38. Na5 Rb2 39. Nxb7 h5 40. Na5 g4 41. Nxc6 h4 42. Kg1 Rb1+ 43. Kg2 Rb2 44. Ne5 g3 45. Nd3 Rb3 46. Nf4 Rb2 47. Nd3 Rd2 48. Nf4 g5 49. Nh3 Kg6 50. Be3 Rb2 51. Nxg5 gxf2 52. Bxf2 Kxg5 0-1


[Site "https://www.chess.com"]

[Event "Titled Tuesday Blitz April 18 Early 2023"]
[White "Avazkhonov, Alikhon"]
[Black "Jiganchine, Roman"]
[WhiteFideId "14208504"]
[BlackFideId "2603667"]
[WhiteElo "1739"]
[BlackElo "2259"]
[Result "1-0"]
[Round "08"]
[TimeControl "180+2"]
[Date "2023.04.18"]
[WhiteClock "0:00:09"]
[BlackClock "0:00:16"]

1. d4 d5 2. c4 e6 3. Nc3 Nf6 4. cxd5 Nxd5 5. Be3 Nxe3 6. fxe3 c5 7. Nf3 Nc6 8. Qd2 Be7 9. Rd1 O-O 10. e4 cxd4 11. Nxd4 Bh4+ 12. g3 Bg5 13. e3 Ne5 14. Be2 Qf6 15. h4 Qh6 16. Nc2 Bd7 17. O-O Be7 18. Nd4 Rad8 19. Qc1 a6 20. Kg2 Bc5 21. Rf4 Bc6 22. Nd5 Be7 23. Nxe7+ Kh8 24. Nexc6 bxc6 25. Nxc6 Rxd1 26. Bxd1 Ng6 27. Rf2 Nxh4+ 28. gxh4 Qxh4 29. Bf3 Qg5+ 30. Kf1 Rc8 31. Qc4 Qh4 32. Qxa6 Re8 33. Bg2 Qg5 34. Qb6 Qh5 35. Ke1 h6 36. a4 Qh4 37. a5 Qh2 38. a6 Qg1+ 39. Bf1 Qg4 40. a7 Qxe4 41. Rxf7 Qb1+ 42. Kf2 Qc2+ 43. Be2 Qg6 44. Qb7 Qg5 45. a8=Q Qh4+ 46. Kg2 Qg5+ 47. Kf1 Rxa8 48. Qxa8+ Kh7 49. Bd3+ Qg6 50. Bxg6+ Kxg6 51. Ne5+ 1-0


[Site "https://www.chess.com"]

[Event "Titled Tuesday Blitz April 18 Early 2023"]
[White "Simonovic, Miroslav"]
[Black "Gonzalez, Francisco Silva"]
[WhiteFideId "919152"]
[BlackFideId "1512285"]
[WhiteElo "2042"]
[BlackElo "2074"]
[Result "1-0"]
[Round "08"]
[TimeControl "180+2"]
[Date "2023.04.18"]
[WhiteClock "0:00:15"]
[BlackClock "0:00:45"]

1. d4 Nf6 2. Bg5 c5 3. Bxf6 gxf6 4. d5 f5 5. Nd2 Bg7 6. c3 e6 7. d6 b5 8. e4 Qb6 9. exf5 Qxd6 10. fxe6 Qxe6+ 11. Be2 Bb7 12. Ngf3 O-O 13. O-O a6 14. Re1 d5 15. Bxb5 Qb6 16. Ba4 Nc6 17. Qc2 h6 18. Bxc6 Qxc6 19. Ne5 Qd6 20. Ndf3 Rfe8 21. Qf5 Re7 22. Nd3 Rae8 23. Rxe7 Rxe7 24. Re1 Re4 25. Nd2 Re6 26. Rxe6 fxe6 27. Qg6 a5 28. g3 Kf8 29. Nf4 Bc8 30. Nh5 Qe5 31. Qxg7+ Qxg7 32. Nxg7 Kxg7 33. f4 a4 34. a3 Kf6 35. Kf2 e5 36. fxe5+ Kxe5 37. Nf3+ Ke4 38. Ne1 d4 39. Ke2 Ba6+ 40. Kd2 Bc4 41. cxd4 cxd4 42. Nc2 Bf1 43. Nb4 Bc4 44. Nc6 Bd5 45. Ne7 Be6 46. Nc6 Bd7 47. Nb4 Bb5 48. Nc2 h5 49. Ne1 Bf1 50. Nc2 Bc4 51. Nb4 Bb5 52. Nc2 Bd7 53. Ne1 Bf5 54. Ng2 Bh3 55. Nf4 h4 56. Nxh3 hxg3 57. hxg3 Kf3 58. Nf4 Kxg3 59. Ne6 Kf3 60. Nxd4+ Ke4 61. Nb5 Kd5 62. Nc3+ Kc4 63. Kc2 Kc5 64. Nxa4+ Kb5 65. Nc3+ Kc4 66. b3+ Kd4 67. Kb2 Kd3 68. a4 Kd4 69. a5 Kc5 70. Ka3 Kc6 71. b4 Kb7 72. Ka4 Ka7 73. b5 Ka8 74. Kb4 Ka7 75. Kc5 Kb7 76. Nd5 Ka7 77. a6 Ka8 78. b6 Kb8 79. Kc6 Kc8 80. a7 1-0


[Site "https://www.chess.com"]

[Event "Titled Tuesday Blitz April 18 Early 2023"]
[White "Alexikov, Alexander"]
[Black "Chirivi C, Jenny Astrid"]
[WhiteFideId "14103958"]
[BlackFideId "4403061"]
[WhiteElo "2186"]
[BlackElo "2001"]
[Result "0-1"]
[Round "08"]
[TimeControl "180+2"]
[Date "2023.04.18"]
[WhiteClock "0:00:05"]
[BlackClock "0:00:16"]

1. e4 c5 2. Nf3 e6 3. d4 cxd4 4. Nxd4 a6 5. g3 d5 6. Bg2 dxe4 7. Bxe4 e5 8. Nf5 Qxd1+ 9. Kxd1 Nf6 10. f3 Nxe4 11. fxe4 Nc6 12. Rf1 Be6 13. c3 Bc4 14. Rf2 Rd8+ 15. Nd2 Bd3 16. Ke1 g6 17. Ne3 Bc5 18. Rf3 O-O 19. Nd5 Bc2 20. b4 Ba7 21. a4 f5 22. b5 fxe4 23. Rxf8+ Kxf8 24. Ne3 Bxe3 25. bxc6 bxc6 26. Ke2 Bh6 27. Nxe4 Bxc1 28. Nc5 Bh6 29. Ne6+ Ke7 30. Nxd8 Kxd8 31. a5 e4 32. Ra2 Bd3+ 33. Kf2 e3+ 34. Ke1 e2 35. Ra4 Be3 36. Rb4 Kc7 37. h4 Bc5 38. Rf4 Bd6 39. Rf7+ Kd8 40. Rf3 Bc4 41. Kd2 h5 42. Re3 Kd7 43. Re4 Bd5 44. Rxe2 Bxg3 45. Kd3 Bxh4 46. c4 Be6 47. Rb2 Kc7 48. Rb6 Bf6 49. Rxa6 h4 50. Ra7+ Kd6 51. Rh7 Kc5 0-1


[Site "https://www.chess.com"]

[Event "Titled Tuesday Blitz April 18 Early 2023"]
[White "Broca Jimenez, Fernando"]
[Black "KorolDimitriy75"]
[WhiteFideId "5104742"]
[WhiteElo "2062"]
[BlackElo "2381"]
[Result "0-1"]
[Round "08"]
[TimeControl "180+2"]
[Date "2023.04.18"]
[WhiteClock "0:01:15"]
[BlackClock "0:00:13"]

1. e4 c5 2. c3 d5 3. exd5 Qxd5 4. d4 cxd4 5. cxd4 Nc6 6. Nf3 e5 7. Be2 exd4 8. O-O Nf6 9. Nc3 dxc3 10. Qc2 cxb2 11. Bxb2 Be7 12. Rad1 Qa5 13. Bc3 Qc7 14. Be5 Qa5 15. Bc3 Qc5 16. Qb2 O-O 17. Rc1 Qb6 18. Qa1 Bg4 19. h3 Bh5 20. Rb1 Qc7 21. Rfc1 Rac8 22. Be5 Qd7 23. Rd1 Qe8 24. Bc3 Ne4 25. Be1 Bf6 26. Rb2 Bxf3 27. Bxf3 Qe5 28. Qb1 Qxb2 29. Qxe4 Rfe8 30. Qg4 Ne5 31. Qf5 Nxf3+ 32. Qxf3 Qe2 33. Qxe2 Rxe2 34. Bb4 g6 35. Rd7 Rec2 36. Rxb7 R2c7 37. Rb5 h5 38. a3 Bg7 39. g3 Bf8 40. Ba5 Rc5 0-1


[Site "https://www.chess.com"]

[Event "Titled Tuesday Blitz April 18 Early 2023"]
[White "Ansh M Shah"]
[Black "Antonova, Nadezhda"]
[WhiteFideId "25033379"]
[BlackFideId "14700182"]
[WhiteElo "2084"]
[BlackElo "1765"]
[Result "1-0"]
[Round "08"]
[TimeControl "180+2"]
[Date "2023.04.18"]
[WhiteClock "0:00:11"]
[BlackClock "0:00:04"]

1. d4 Nf6 2. c4 g6 3. h4 h5 4. Nc3 d6 5. e4 Bg7 6. Be2 O-O 7. Nf3 c5 8. d5 b5 9. cxb5 a6 10. a4 axb5 11. Bxb5 Ba6 12. Bd2 Qb6 13. O-O Nbd7 14. Qe2 Ng4 15. a5 Bxb5 16. Qxb5 Qxb5 17. Nxb5 Bxb2 18. Ra2 Bf6 19. Rb1 Rfb8 20. Bg5 Bxg5 21. hxg5 Kf8 22. Rbb2 Nge5 23. Nxe5 Nxe5 24. a6 Nc4 25. Rc2 Rxb5 26. Rxc4 Ra7 27. f4 Rb6 28. Rca4 f6 29. gxf6 exf6 30. Kf2 Ke7 31. R2a3 Kd7 32. Kf3 Kc7 33. g4 hxg4+ 34. Kxg4 Rb1 35. f5 gxf5+ 36. Kxf5 Rf1+ 37. Ke6 Rf4 38. Rh3 Kb6 39. Kxd6 Rxa6 40. Rb3+ Ka7+ 41. Rxa6+ Kxa6 42. Kxc5 Rxe4 43. d6 Re8 44. d7 Rd8 45. Kc6 Ka7 46. Kc7 Rf8 47. Ra3# 1-0


[Site "https://www.chess.com"]

[Event "Titled Tuesday Blitz April 18 Early 2023"]
[White "Ciuffoletti, Paolo"]
[Black "Szente Varga, Fruzsina"]
[WhiteFideId "807630"]
[BlackFideId "712264"]
[WhiteElo "2143"]
[BlackElo "1994"]
[Result "0-1"]
[Round "08"]
[TimeControl "180+2"]
[Date "2023.04.18"]
[WhiteClock "0:00:05"]
[BlackClock "0:00:20"]

1. e4 e5 2. Nf3 Nc6 3. Bc4 Be7 4. d4 exd4 5. Nxd4 Ne5 6. Bb3 d6 7. h3 Nf6 8. Nc3 O-O 9. O-O c5 10. Nf3 Nxf3+ 11. Qxf3 Be6 12. Bf4 c4 13. Ba4 a6 14. Rfd1 Qc7 15. b3 b5 16. Bxb5 axb5 17. Nxb5 Qb7 18. Nxd6 Bxd6 19. Bxd6 Rfd8 20. Rd4 cxb3 21. cxb3 Qc6 22. Rad1 Rxa2 23. Be7 Rxd4 24. Rxd4 Ra1+ 25. Kh2 Qc7+ 26. Bd6 Qb6 27. Qc3 Ra8 28. b4 Nxe4 29. Rxe4 Qxd6+ 30. g3 h6 31. b5 Qd5 32. Re5 Qb7 33. Rc5 Ra2 34. Qe3 Ra1 35. g4 Qh1+ 36. Kg3 Rg1+ 37. Kf4 Qh2+ 38. Ke4 Qg2+ 39. Qf3 Re1+ 40. Kf4 g5+ 0-1


[Site "https://www.chess.com"]

[Event "Titled Tuesday Blitz April 18 Early 2023"]
[White "Kuchava, Ana"]
[Black "Rodriguez Santiago, Jaime"]
[WhiteFideId "13605348"]
[BlackFideId "3100898"]
[WhiteElo "2001"]
[BlackElo "2025"]
[Result "1/2-1/2"]
[Round "08"]
[TimeControl "180+2"]
[Date "2023.04.18"]
[WhiteClock "0:00:11"]
[BlackClock "0:00:24"]

1. d4 Nf6 2. c4 e6 3. Nf3 d5 4. Nc3 c6 5. e3 Nbd7 6. Bd3 dxc4 7. Bxc4 b5 8. Bd3 a6 9. O-O Bb7 10. Qe2 c5 11. Rd1 Qc7 12. e4 c4 13. Bc2 Be7 14. a3 O-O 15. Bg5 h6 16. Bh4 e5 17. Bg3 Bd6 18. Nh4 exd4 19. Rxd4 Bxg3 20. hxg3 Rfe8 21. Qd2 Nc5 22. f3 Ne6 23. Rd6 Rad8 24. Rd1 Qc5+ 25. Kh2 Rxd6 26. Qxd6 Qf2 27. Rd2 Qa7 28. Nf5 Qb8 29. Qxb8 Rxb8 30. e5 Ne8 31. Rd7 N8c7 32. Nd6 Bc6 33. Rxf7 Nd5 34. Nxd5 Bxd5 35. Re7 a5 36. Bf5 Nd4 37. Be4 Bxe4 38. Nxe4 b4 39. axb4 axb4 40. Rd7 Ne6 41. Rd6 Nc7 42. e6 Re8 43. Nc5 c3 44. bxc3 bxc3 45. Rd3 c2 46. Rc3 Nxe6 47. Nxe6 Rxe6 48. Rxc2 Kh7 49. Rc7 Re2 50. g4 Kg6 51. Kg3 Ra2 52. Rb7 Kh7 53. Rc7 Ra6 54. Rb7 Kg6 55. Rc7 Rb6 56. Rd7 Rb2 57. Rc7 Kh7 58. Rc6 Kg8 59. Rc7 Kh7 60. Rc6 Rb7 61. Rd6 Rf7 62. Rc6 g6 63. Rb6 Kg7 64. Ra6 Rb7 65. Rc6 Rd7 66. Rb6 1/2-1/2


[Site "https://www.chess.com"]

[Event "Titled Tuesday Blitz April 18 Early 2023"]
[White "DeyanKostov"]
[Black "Tuleyeva-Aketayeva, Dana"]
[BlackFideId "13701932"]
[WhiteElo "2323"]
[BlackElo "2030"]
[Result "1-0"]
[Round "08"]
[TimeControl "180+2"]
[Date "2023.04.18"]
[WhiteClock "0:00:59"]
[BlackClock "0:00:01"]

1. d4 Nf6 2. c4 e6 3. Nc3 Bb4 4. e3 O-O 5. Bd3 d5 6. a3 Bxc3+ 7. bxc3 c5 8. cxd5 cxd4 9. cxd4 Qxd5 10. Nf3 Nc6 11. O-O e5 12. dxe5 Nxe5 13. Bxh7+ Kxh7 14. Qxd5 Nxd5 15. Nxe5 Be6 16. Bb2 Rac8 17. Rac1 Nb6 18. Bd4 f6 19. Bxb6 axb6 20. Nf3 b5 21. Nd4 Bc4 22. Rfd1 Ra8 23. Rc3 Ra4 24. Rb1 Ra5 25. h3 Rfa8 26. Kh2 Kg6 27. a4 Rxa4 28. Nxb5 Bxb5 29. Rxb5 Ra2 30. Kg3 Rd2 31. Rc4 Raa2 32. Rf4 Rab2 33. Rfb4 Rxb4 34. Rxb4 Rd7 35. e4 Rd3+ 36. f3 Rd7 37. Kf4 Kf7 38. h4 g6 39. Rb6 Re7 40. g4 Kg7 41. g5 fxg5+ 42. Kxg5 Re5+ 43. Kf4 Re7 44. e5 Kf7 45. Ke4 Rc7 46. f4 Kg7 47. Kd5 Kh6 48. f5 Rd7+ 49. Ke6 1-0


[Site "https://www.chess.com"]

[Event "Titled Tuesday Blitz April 18 Early 2023"]
[White "Tarnowska, Aleksandra"]
[Black "Garrido, Denis"]
[WhiteFideId "1180967"]
[BlackFideId "601217"]
[WhiteElo "1776"]
[BlackElo "2320"]
[Result "1-0"]
[Round "08"]
[TimeControl "180+2"]
[Date "2023.04.18"]
[WhiteClock "0:00:04"]
[BlackClock "0:00:17"]

1. e4 e6 2. d4 d5 3. Nd2 Be7 4. c4 dxe4 5. Nxe4 Nf6 6. Ng3 O-O 7. Nf3 c5 8. Be3 cxd4 9. Qxd4 Bb4+ 10. Bd2 Qa5 11. Bxb4 Qxb4+ 12. Qd2 Nc6 13. Be2 Qc5 14. O-O Rd8 15. Qf4 e5 16. Qh4 Nd4 17. Nxd4 Rxd4 18. Qg5 h6 19. Qe3 Be6 20. Rad1 Rad8 21. b3 a5 22. Bf3 Ng4 23. Bxg4 Bxg4 24. f3 Be6 25. Ne4 Qb4 26. Rxd4 Rxd4 27. Nf2 f6 28. Re1 a4 29. Ne4 axb3 30. axb3 Kf7 31. h3 Qxb3 32. Qxb3 Bxc4 33. Qxc4+ Rxc4 34. Nd6+ 1-0


[Site "https://www.chess.com"]

[Event "Titled Tuesday Blitz April 18 Early 2023"]
[White "ibove"]
[Black "Osuna Vega, Enrique"]
[BlackFideId "2219549"]
[WhiteElo "2318"]
[BlackElo "2135"]
[Result "1-0"]
[Round "08"]
[TimeControl "180+2"]
[Date "2023.04.18"]
[WhiteClock "0:00:21"]
[BlackClock "0:00:19"]

1. d4 c6 2. e4 d5 3. exd5 cxd5 4. c4 Nf6 5. c5 g6 6. Nf3 Bg7 7. Nc3 O-O 8. Be2 b6 9. b4 a5 10. b5 Ne4 11. Nxe4 dxe4 12. Ne5 bxc5 13. Bb2 Qc7 14. Rc1 Nd7 15. Nc6 Re8 16. Bc4 Bb7 17. Qb3 e6 18. d5 exd5 19. Bxd5 Nf6 20. Bxf6 Bxf6 21. O-O Bxc6 22. Bxc6 Bd4 23. Bxa8 Rxa8 24. Qd5 Re8 25. Qxd4 cxd4 26. Rxc7 1-0


[Site "https://www.chess.com"]

[Event "Titled Tuesday Blitz April 18 Early 2023"]
[White "Derichs, Roger"]
[Black "Necula, Iulian"]
[WhiteFideId "4630076"]
[BlackFideId "1232380"]
[WhiteElo "2315"]
[BlackElo "1790"]
[Result "1/2-1/2"]
[Round "08"]
[TimeControl "180+2"]
[Date "2023.04.18"]
[WhiteClock "0:00:33"]
[BlackClock "0:01:35"]

1. d4 d6 2. c4 e5 3. d5 f5 4. e4 Nf6 5. Nc3 f4 6. g3 Bg4 7. f3 Bh5 8. g4 Bg6 9. h4 Be7 10. Qc2 O-O 11. Bd2 c6 12. O-O-O cxd5 13. cxd5 Nbd7 14. Nh3 Rc8 15. Kb1 a6 16. Ng5 Bf7 17. Ne6 Bxe6 18. dxe6 Nc5 19. Bc4 b5 20. Bb3 b4 21. Nd5 Nxb3 22. Qxb3 Nxd5 23. exd5 a5 24. Rc1 Rxc1+ 25. Bxc1 Bxh4 26. Qd3 g6 27. Bd2 Bg5 28. Rc1 Kg7 29. b3 h5 30. gxh5 gxh5 31. Rh1 Kh6 32. Be1 Qb6 33. Qe2 Qe3 34. Qh2 Qxf3 35. Bh4 Qe4+ 36. Ka1 Qd4+ 37. Kb1 Qe4+ 38. Ka1 Qd4+ 39. Kb1 Qe4+ 1/2-1/2


[Site "https://www.chess.com"]

[Event "Titled Tuesday Blitz April 18 Early 2023"]
[White "Ardila, Oscar Humberto"]
[Black "Flis, Pawel"]
[WhiteFideId "4404742"]
[BlackFideId "1112864"]
[WhiteElo "1918"]
[BlackElo "1822"]
[Result "1-0"]
[Round "08"]
[TimeControl "180+2"]
[Date "2023.04.18"]
[WhiteClock "0:00:39"]
[BlackClock "0:00:01"]

1. d4 c5 2. dxc5 e6 3. Nf3 Bxc5 4. e3 Nf6 5. Be2 O-O 6. O-O d5 7. Nbd2 Nc6 8. b3 e5 9. Bb2 Bd6 10. c4 Bg4 11. h3 Bh5 12. Rc1 Qe7 13. cxd5 Nxd5 14. Nc4 Rad8 15. Qxd5 Bxf3 16. Qxf3 e4 17. Qf5 a6 18. Nxd6 Rxd6 19. Rfd1 Rfd8 20. Rxd6 Rxd6 21. Ba3 Qe6 22. Qxe6 Rxe6 23. Rd1 h6 24. Rd7 b5 25. Bg4 Rf6 26. Bb2 Rg6 27. Bf5 Rg5 28. Bxe4 Nb4 29. a3 Na2 30. Bd5 Rf5 31. g4 Rg5 32. Rxf7 Kh7 33. Be4+ Kg8 34. Rd7 b4 35. a4 Nc3 36. Bd3 Kf8 37. Rc7 1-0


[Site "https://www.chess.com"]

[Event "Titled Tuesday Blitz April 18 Early 2023"]
[White "Ng, Gary"]
[Black "Osiecki, Stanislaw"]
[WhiteFideId "2604914"]
[BlackFideId "1102990"]
[WhiteElo "2307"]
[BlackElo "2088"]
[Result "1-0"]
[Round "08"]
[TimeControl "180+2"]
[Date "2023.04.18"]
[WhiteClock "0:00:12"]
[BlackClock "0:00:01"]

1. d4 Nf6 2. Bf4 d6 3. Nc3 g6 4. e4 Bg7 5. Qd2 O-O 6. Bh6 e5 7. d5 Ng4 8. Bxg7 Kxg7 9. f3 Nf6 10. h4 Nh5 11. Nge2 Qf6 12. O-O-O Nf4 13. g3 Nxe2+ 14. Qxe2 b6 15. h5 g5 16. h6+ Kh8 17. Bh3 Bxh3 18. Rxh3 Rg8 19. g4 Rg6 20. Rdh1 Nd7 21. Nd1 Rc8 22. Ne3 a5 23. Nf5 Nc5 24. Qb5 a4 25. Qc6 Qd8 26. Re1 Rb8 27. Qb5 Qe8 28. Qb4 b5 29. Re3 Qd8 30. a3 Qf6 31. Rh1 Qd8 32. Rc3 Qd7 33. Rd1 Na6 34. Qa5 Nc5 35. Qa7 Qd8 36. Qa5 Rb6 37. b4 axb3 38. cxb3 Ra6 39. Qb4 Qa8 40. Kb2 Rb6 41. Rdc1 Na6 42. Qa5 Qb7 43. Rc6 Rg8 44. Rxb6 cxb6 45. Qc3 Qd7 46. Qc6 Qd8 47. Nxd6 Rf8 48. Nxb5 Nc5 49. Rxc5 bxc5 50. Qxc5 Qb8 51. d6 Rc8 52. Qxe5+ 1-0


[Site "https://www.chess.com"]